[Event "ICC tourney 2133 (75 10)"]
[Site "Internet Chess Club"]
[Date "2020.11.14"]
[Round "1"]
[White "jsl1996"]
[Black "RagingKnightNC"]
[Result "1-0"]
[ICCResult "Black resigns"]
[WhiteElo "2667"]
[BlackElo "2141"]
[Opening "Nimzo-Indian: 4.e3, Bronstein (Byrne) variation"]
[ECO "E45"]
[NIC "NI.13"]
[Time "10:03:29"]
[TimeControl "4500+10"]

1. d4 Nf6 2. c4 e6 3. Nc3 Bb4 4. e3 b6 5. Ne2 Ba6 6. a3 Be7 7. Nf4 c5 8. d5
e5 9. Nh5 d6 10. Nxg7+ Kd7 11. Nf5 Kc7 12. Bd3 Nbd7 13. Qa4 Kb7 14. b4 e4
15. Be2 Bxc4 16. Bxc4 a6 17. bxc5 b5 18. Bxb5 axb5 19. Qxb5+ Ka7 20. Rb1
Nxc5 21. Nxe7 Rb8 22. Nc6+ Ka8 23. Nxb8 Qxb8 24. Qc6+ Nb7 25. Nb5 Qd8 26.
Nc7+ Qxc7 27. Qxc7 Rb8 28. Qb6 {Black resigns} 1-0

[Event "ICC tourney 2133 (75 10)"]
[Site "Internet Chess Club"]
[Date "2020.11.14"]
[Round "1"]
[White "jy2020"]
[Black "yangjunboy7"]
[Result "1-0"]
[ICCResult "Black resigns"]
[WhiteElo "2219"]
[BlackElo "1944"]
[Opening "Caro-Kann: two knights, 3...Bg4"]
[ECO "B10"]
[NIC "CK.01"]
[Time "10:03:32"]
[TimeControl "4500+10"]

1. e4 c6 2. Nf3 d5 3. Nc3 Bg4 4. h3 Bxf3 5. Qxf3 e6 6. Be2 Nf6 7. O-O Nbd7
8. d3 Bd6 9. g3 O-O 10. Qg2 dxe4 11. Nxe4 Nxe4 12. dxe4 e5 13. Rd1 Bc5 14.
Bg4 f5 15. Bxf5 Rf7 16. Be6 Qe8 17. Bxf7+ Qxf7 18. Be3 Bxe3 19. fxe3 Nf6 20.
Rf1 Qc4 21. Rad1 Qxa2 22. b3 Qa5 23. g4 Qc5 24. Rd3 h6 25. h4 h5 26. gxh5
Kh8 27. Kh1 Qe7 28. Qg5 Rf8 29. h6 gxh6 30. Qxh6+ Nh7 31. Rxf8+ Qxf8 32.
Qxf8+ Nxf8 33. Rd8 Kg7 34. Rb8 Ne6 35. Rxb7+ Kh6 36. Rxa7 Nc5 37. Rc7 Nxe4
38. Rxc6+ Kh5 39. Kg2 Kxh4 40. Rc4 Kg5 41. Rxe4 Kf5 42. Kf3 Kf6 43. b4 Ke6
44. b5 Kd5 45. b6 Kc6 46. Rxe5 Kxb6 47. Ke4 Kc6 48. Kd4 Kd6 49. Re4 Kc6 50.
Kc4 Kd6 51. c3 Kc6 52. Re6+ Kc7 53. Kc5 Kd7 54. Kd5 Kc7 55. Kc5 Kd7 56. Re5
Kc7 57. Re7+ Kd8 58. Kd6 Kc8 59. Kc6 Kb8 60. Rh7 Ka8 61. Kb6 {Black resigns}
1-0

[Event "ICC tourney 2133 (75 10)"]
[Site "Internet Chess Club"]
[Date "2020.11.14"]
[Round "1"]
[White "hollyelf"]
[Black "Volkov"]
[Result "0-1"]
[ICCResult "White resigns"]
[WhiteElo "2065"]
[BlackElo "2608"]
[Opening "French: advance, Euwe variation"]
[ECO "C02"]
[NIC "FR.03"]
[Time "10:03:31"]
[TimeControl "4500+10"]

1. e4 e6 2. d4 d5 3. e5 c5 4. c3 Nc6 5. Nf3 Bd7 6. a3 c4 7. Nbd2 Na5 8. Rb1
Qc7 9. g3 Ne7 10. Bg2 Nec6 11. O-O Be7 12. Ne1 O-O-O 13. f4 Kb8 14. Nc2 h5
15. Ne3 h4 16. Qg4 hxg3 17. hxg3 f5 18. Qf3 g5 19. g4 fxg4 20. Qxg4 gxf4 21.
Qxf4 Rdf8 22. Qg4 Rfg8 23. Qe2 Be8 24. Nf3 Bg6 25. Bd2 Nb3 26. Rbd1 Bd3 27.
Qf2 Nxd2 28. Rxd2 Bxf1 29. Kxf1 Bf8 30. Ke2 Bh6 31. Rd1 Qb6 32. Rb1 Qb3 33.
Kf1 Bxe3 34. Qxe3 Qc2 35. Nd2 Rh2 36. Re1 Rgxg2 37. Qf3 Rf2+ 38. Qxf2 Rxf2+
39. Kxf2 Qxd2+ 40. Re2 Qc1 41. Kf3 a6 42. Kf2 Ka7 43. Kf3 Nd8 44. Kf2 Nf7
45. Kf3 Ng5+ 46. Kf2 Nh3+ 47. Kg3 Nf4 48. Rf2 Qg1+ 49. Kf3 Nd3 50. Rg2 Qf1+
51. Kg3 Qf4+ 52. Kh3 Qh6+ 53. Kg3 Qg5+ 54. Kh2 Qh4+ 55. Kg1 Qe1+ 56. Kh2 Nf4
57. Rg8 Qf2+ 58. Kh1 Qxb2 {White resigns} 0-1

[Event "ICC tourney 2133 (75 10)"]
[Site "Internet Chess Club"]
[Date "2020.11.14"]
[Round "1"]
[White "e4f5"]
[Black "GutsyEdge"]
[Result "1-0"]
[ICCResult "Black resigns"]
[WhiteElo "2236"]
[BlackElo "2024"]
[Opening "Sicilian: Kan, 5.Nc3"]
[ECO "B43"]
[NIC "SI.41"]
[Time "10:03:33"]
[TimeControl "4500+10"]

1. e4 c5 2. Nf3 e6 3. d4 cxd4 4. Nxd4 a6 5. Nc3 Qc7 6. Be2 Nf6 7. O-O Be7 8.
a4 d6 9. Be3 O-O 10. f4 Nbd7 11. Bf3 Rb8 12. Qe2 b6 13. Bf2 Bb7 14. Rae1
Rfe8 15. e5 Bxf3 16. Nxf3 Nh5 17. Qe3 dxe5 18. fxe5 Bc5 19. Qg5 g6 20. g4
Ng7 21. Ne4 f5 22. exf6 Bxf2+ 23. Rxf2 Qc6 24. fxg7 Kxg7 25. Ne5 {Black
resigns} 1-0

[Event "ICC tourney 2133 (75 10)"]
[Site "Internet Chess Club"]
[Date "2020.11.14"]
[Round "1"]
[White "lmperatorX"]
[Black "Visam"]
[Result "0-1"]
[ICCResult "White checkmated"]
[WhiteElo "2112"]
[BlackElo "2600"]
[Opening "Giuoco Piano"]
[ECO "C54"]
[NIC "IG.02"]
[Time "10:03:51"]
[TimeControl "4500+10"]

1. e4 e5 2. Nf3 Nc6 3. Bc4 Bc5 4. c3 Nf6 5. d3 d6 6. O-O a5 7. Nbd2 O-O 8.
h3 Ba7 9. Re1 Ne7 10. Nf1 Ng6 11. Ng3 c6 12. Bb3 d5 13. Bg5 h6 14. Bxf6 Qxf6
15. exd5 a4 16. Bxa4 cxd5 17. Bb3 Qd6 18. Qd2 Kh7 19. Kh2 f5 20. c4 e4 21.
Ng1 f4 22. Nh1 e3 23. Qc2 f3+ 24. g3 exf2 25. Nxf2 Qxg3+ 26. Kxg3 Bb8+ 27.
Re5 Bxe5# {White checkmated} 0-1

[Event "ICC tourney 2133 (75 10)"]
[Site "Internet Chess Club"]
[Date "2020.11.14"]
[Round "1"]
[White "IndianTerritory"]
[Black "helavir"]
[Result "0-1"]
[ICCResult "White resigns"]
[WhiteElo "2127"]
[BlackElo "2635"]
[Opening "Caro-Kann: exchange variation"]
[ECO "B13"]
[NIC "CK.02"]
[Time "10:04:23"]
[TimeControl "4500+10"]

1. e4 c6 2. d4 d5 3. exd5 cxd5 4. Bd3 Nf6 5. h3 g6 6. Nf3 Bf5 7. Bf4 Qb6 8.
b3 Bxd3 9. Qxd3 Bg7 10. c3 O-O 11. Nbd2 Nc6 12. O-O Rfc8 13. Rfc1 Qd8 14.
Ne5 a6 15. Nxc6 Rxc6 16. Nf3 e6 17. Ne5 Rcc8 18. g4 Nd7 19. Nxd7 Qxd7 20.
Rc2 Rc6 21. Rac1 Rac8 22. Bg3 b5 23. f4 f5 24. g5 Qc7 25. Kg2 Bf8 26. Kf3
Ba3 27. Re1 Rxc3 28. Rxc3 Qxc3 29. Qxc3 Rxc3+ 30. Re3 Rc6 31. h4 Kf7 32. Bf2
Bc1 33. Re2 Rc3+ 34. Be3 Rd3 35. Kf2 Bxe3+ 36. Rxe3 Rxd4 37. Kf3 b4 38. Re2
Rd3+ 39. Kg2 Ke7 40. Rc2 Rc3 41. Re2 Kd6 42. Rd2 a5 43. Re2 d4 44. Rd2 Kd5
45. Re2 d3 46. Re5+ Kd4 47. Kf3 Rc1 48. Rxe6 d2 49. Rd6+ Kc3 50. Rc6+ Kb2
51. Rxg6 d1=Q+ {White resigns} 0-1

[Event "ICC tourney 2133 (75 10)"]
[Site "Internet Chess Club"]
[Date "2020.11.14"]
[Round "1"]
[White "Aleksandrov73"]
[Black "AlexW2007"]
[Result "1-0"]
[ICCResult "Black resigns"]
[WhiteElo "2635"]
[BlackElo "2128"]
[Opening "Grünfeld: 4.Bf4"]
[ECO "D82"]
[NIC "GI.03"]
[Time "10:03:28"]
[TimeControl "4500+10"]

1. d4 Nf6 2. c4 g6 3. Nc3 d5 4. Bf4 Bg7 5. e3 c5 6. dxc5 Qa5 7. Rc1 Ne4 8.
cxd5 Nxc3 9. Qd2 Qxc5 10. bxc3 O-O 11. e4 Rd8 12. c4 b6 13. Nf3 Bb7 14. h4
h5 15. Be3 Qa3 16. Nd4 Na6 17. Be2 Nc5 18. f3 e6 19. O-O Qa4 20. Nb5 Na6 21.
a3 exd5 22. Bd1 Qa5 23. Qxa5 bxa5 24. cxd5 {Black resigns} 1-0

[Event "ICC tourney 2133 (75 10)"]
[Site "Internet Chess Club"]
[Date "2020.11.14"]
[Round "1"]
[White "HansNiemann"]
[Black "Slivovitz"]
[Result "1-0"]
[ICCResult "Black resigns"]
[WhiteElo "2597"]
[BlackElo "2085"]
[Opening "Caro-Kann: advance variation"]
[ECO "B12"]
[NIC "CK.04"]
[Time "10:03:32"]
[TimeControl "4500+10"]

1. d4 c6 2. e4 d5 3. e5 Bf5 4. h4 h5 5. Bd3 Bxd3 6. Qxd3 e6 7. Nf3 Ne7 8.
Bg5 Nd7 9. Nbd2 Qc7 10. c4 dxc4 11. Nxc4 Nd5 12. O-O N7b6 13. Ncd2 f6 14.
Be3 Qf7 15. Ne4 Be7 16. Bd2 O-O-O 17. a4 Nb4 18. Bxb4 Bxb4 19. a5 Nd5 20. a6
Kb8 21. axb7 Qxb7 22. Rfc1 Be7 23. g3 Rd7 24. Nfd2 fxe5 25. Nb3 Nb4 26. Qc4
Rd5 27. Nec5 Qb5 28. Nxe6 exd4 29. Nexd4 Qxc4 30. Rxc4 c5 31. Rxb4+ cxb4 32.
Nc6+ Kb7 33. Nxe7 Rb5 34. Na5+ Kc7 35. Nc4 Rc5 36. b3 Kb8 37. Ra4 Re8 38.
Rxb4+ Ka8 39. Ng6 Rb8 40. Rxb8+ Kxb8 41. Nf4 a5 42. Ne6 Rb5 43. Nd4 Rc5 44.
Nxa5 {Black resigns} 1-0

[Event "ICC tourney 2133 (75 10)"]
[Site "Internet Chess Club"]
[Date "2020.11.14"]
[Round "1"]
[White "pianopro32"]
[Black "PawnEatingZombi"]
[Result "1-0"]
[ICCResult "Black resigns"]
[WhiteElo "2074"]
[BlackElo "2206"]
[Opening "Caro-Kann: two knights variation"]
[ECO "B10"]
[NIC "CK.01"]
[Time "10:03:31"]
[TimeControl "4500+10"]

1. e4 c6 2. Nf3 d5 3. Nc3 dxe4 4. Nxe4 Nf6 5. Qe2 Nxe4 6. Qxe4 Qa5 7. c3 Bf5
8. Qf4 e6 9. d4 Be7 10. g4 Bc2 11. Ne5 O-O 12. Bd2 h6 13. h4 Qd8 14. Rc1 Bh7
15. g5 h5 16. Be2 Bg6 17. Nxg6 fxg6 18. Qe5 Qd5 19. Qxd5 exd5 20. O-O Nd7
21. Bd3 Kh7 22. Rce1 Rf7 23. f4 Nf8 24. f5 Kg8 25. fxg6 Rxf1+ 26. Rxf1 Bd6
27. Rf7 Rb8 28. b4 a6 29. Kg2 Kh8 30. Kf3 Kg8 31. Bf4 Bxf4 32. Kxf4 a5 33.
bxa5 Ra8 34. Rxb7 Rxa5 35. Rb8 Rxa2 36. Ke5 Rh2 37. Bf5 Rf2 38. Be6+ Kh8 39.
Bf7 {Black resigns} 1-0

[Event "ICC tourney 2133 (75 10)"]
[Site "Internet Chess Club"]
[Date "2020.11.14"]
[Round "1"]
[White "GeorgeDai"]
[Black "JasonModer"]
[Result "0-1"]
[ICCResult "White resigns"]
[WhiteElo "2046"]
[BlackElo "2512"]
[Opening "Queen's gambit accepted"]
[ECO "D20"]
[NIC "QG.03"]
[Time "10:03:32"]
[TimeControl "4500+10"]

1. d4 d5 2. c4 dxc4 3. e3 e5 4. Bxc4 exd4 5. exd4 Bd6 6. Nf3 Nf6 7. O-O O-O
8. h3 Nc6 9. Nc3 h6 10. Qc2 Na5 11. Bd3 Be6 12. Ne4 Nc6 13. Nc5 Bxc5 14.
Qxc5 Qd5 15. Bf4 Rad8 16. Rfd1 Bxh3 17. Bxc7 Rd7 18. Qxd5 Nxd5 19. Bg3 Bg4
20. Bb5 Nde7 21. Ne5 Nxe5 22. Bxe5 Rd5 23. Bc4 Bxd1 24. Bxd5 Nxd5 25. Rxd1
f6 26. Bg3 Rc8 27. Rd2 Rc1+ 28. Kh2 Kf7 29. Bd6 Ke6 30. Bf8 Rc8 31. Re2+ Kd7
32. Ba3 Rc4 33. Rd2 g5 34. b3 Rc3 35. Bb2 Rc6 36. g4 b5 37. Kg3 b4 38. f3
Ra6 39. Bc1 Nc3 40. Bb2 Nd5 41. Bc1 Kd6 42. Rh2 Rc6 43. Bd2 Rc2 44. Be1 Rc1
45. Bd2 Rg1+ 46. Kf2 Ra1 47. Rxh6 Rxa2 48. Ke1 Ke7 49. Rh7+ Ke6 50. Rh6 Rb2
51. Bxg5 Rxb3 52. Bxf6 Nxf6 53. d5+ Kf7 54. Rh7+ Nxh7 {White resigns} 0-1

[Event "ICC tourney 2133 (75 10)"]
[Site "Internet Chess Club"]
[Date "2020.11.14"]
[Round "1"]
[White "MrNormalName"]
[Black "Syringe"]
[Result "1/2-1/2"]
[ICCResult "Game drawn because neither player has mating material"]
[WhiteElo "2182"]
[BlackElo "2653"]
[Opening "Catalan: open, 5.Nf3"]
[ECO "E04"]
[NIC "CA.03"]
[Time "10:04:23"]
[TimeControl "4500+10"]

1. d4 Nf6 2. c4 e6 3. g3 d5 4. Bg2 dxc4 5. Nf3 Bb4+ 6. Bd2 a5 7. Bxb4 axb4
8. Ne5 c5 9. dxc5 Qxd1+ 10. Kxd1 Nbd7 11. Nxd7 Nxd7 12. Nd2 Nxc5 13. Nxc4
Ke7 14. Kc2 Bd7 15. Nb6 Ra6 16. Nxd7 Kxd7 17. Rhd1+ Kc7 18. b3 Rd8 19. Rxd8
Kxd8 20. Rd1+ Kc7 21. Kb2 Rd6 22. Rxd6 Kxd6 23. a3 bxa3+ 24. Kxa3 b6 25. b4
Nd7 26. f4 e5 27. e3 Nf6 28. fxe5+ Kxe5 29. Ka4 Kd6 30. Kb5 Kc7 31. Bf3 Nd7
32. Be4 h6 33. Bf3 Ne5 34. Be2 f6 35. Bh5 g5 36. h4 g4 37. Be8 Nd3 38. Bg6
Nf2 39. Bf5 Nd1 40. Bxg4 Nxe3 41. Bh3 f5 42. Ka6 Kc6 43. Ka7 Kb5 44. h5 Ng4
45. Bf1+ Kxb4 46. Kxb6 Kc3 47. Kc5 Nf6 48. Bh3 Ne4+ 49. Kd5 Nxg3 50. Ke5
Nxh5 51. Kxf5 Nf4 52. Kxf4 h5 53. Kg5 h4 54. Kxh4
{Game drawn because neither player has mating material}
1/2-1/2

[Event "ICC tourney 2133 (75 10)"]
[Site "Internet Chess Club"]
[Date "2020.11.14"]
[Round "2"]
[White "JasonModer"]
[Black "Aleksandrov73"]
[Result "1/2-1/2"]
[ICCResult "Game drawn by mutual agreement"]
[WhiteElo "2515"]
[BlackElo "2629"]
[Opening "QGD: 4.Nf3"]
[ECO "D37"]
[NIC "QI.01"]
[Time "13:32:24"]
[TimeControl "4500+10"]

1. d4 Nf6 2. c4 e6 3. Nf3 d5 4. Nc3 Nbd7 5. cxd5 exd5 6. Bg5 Bb4 7. Nd2 Be7
8. e3 O-O 9. Bd3 h6 10. Bf4 a6 11. O-O c5 12. dxc5 Nxc5 13. Nf3
{Game drawn by mutual agreement}
1/2-1/2

[Event "ICC tourney 2133 (75 10)"]
[Site "Internet Chess Club"]
[Date "2020.11.14"]
[Round "2"]
[White "Openyagami"]
[Black "pianopro32"]
[Result "1-0"]
[ICCResult "Black resigns"]
[WhiteElo "2594"]
[BlackElo "2037"]
[Opening "English: symmetrical variation"]
[ECO "A30"]
[NIC "EO.64"]
[Time "13:32:36"]
[TimeControl "4500+10"]

1. c4 c5 2. Nf3 Nf6 3. g3 e6 4. Bg2 Nc6 5. O-O Be7 6. d4 cxd4 7. Nxd4 O-O 8.
Nc3 a6 9. Bf4 Re8 10. Rc1 Nh5 11. Be3 Ne5 12. Na4 Rb8 13. Nf5 Nxc4 14. Nxe7+
Qxe7 15. Rxc4 b5 16. Rh4 Nxg3 {Black resigns} 1-0

[Event "ICC tourney 2133 (75 10)"]
[Site "Internet Chess Club"]
[Date "2020.11.14"]
[Round "2"]
[White "AlexW2007"]
[Black "GutsyEdge"]
[Result "0-1"]
[ICCResult "White resigns"]
[WhiteElo "2094"]
[BlackElo "2048"]
[Opening "Neo-Grünfeld, 6.O-O c6"]
[ECO "D78"]
[NIC "KI.80"]
[Time "13:33:14"]
[TimeControl "4500+10"]

1. d4 Nf6 2. c4 g6 3. Nf3 Bg7 4. g3 O-O 5. Bg2 c6 6. O-O d5 7. Nbd2 Ne4 8.
Nxe4 dxe4 9. Ne5 c5 10. e3 f6 11. dxc5 fxe5 12. Bxe4 Na6 13. c6 Qc7 14. b4
Nxb4 15. cxb7 Bxb7 16. Bxb7 Qxb7 17. Rb1 a5 18. Ba3 Qc6 19. Bxb4 axb4 20.
Rxb4 Rxa2 21. Qb3 Raa8 22. Rb6 Qc5 23. Rb5 Qa3 24. Qc2 Qa4 25. Qd3 Rac8 26.
Rc1 Qa2 27. Rc2 Qa1+ 28. Kg2 Qa8+ 29. e4 Rfd8 30. Rd5 e6 31. Rxd8+ Rxd8 32.
Qe2 Rd4 33. f3 Qc6 34. Rc3 Bh6 35. Rc2 Bf8 36. Kh3 Bb4 37. Kg2 Qd6
{White resigns}
0-1

[Event "ICC tourney 2133 (75 10)"]
[Site "Internet Chess Club"]
[Date "2020.11.14"]
[Round "2"]
[White "Volkov"]
[Black "jsl1996"]
[Result "1-0"]
[ICCResult "Black resigns"]
[WhiteElo "2626"]
[BlackElo "2646"]
[Opening "QGD: Tarrasch, Prague variation"]
[ECO "D33"]
[NIC "TD.09"]
[Time "13:32:19"]
[TimeControl "4500+10"]

1. d4 d5 2. c4 e6 3. Nc3 c5 4. cxd5 exd5 5. Nf3 Nc6 6. g3 Nf6 7. Bg2 cxd4 8.
Nxd4 Bc5 9. Nb3 Bb6 10. O-O d4 11. Na4 O-O 12. Bg5 Re8 13. Re1 Bg4 14. Nxb6
axb6 15. Bxc6 bxc6 16. Qxd4 Bxe2 17. Bxf6 Qxf6 18. Qxf6 gxf6 19. Nd4 Bb5 20.
Rxe8+ Rxe8 21. a4 Bc4 22. Nxc6 Re2 23. b4 Bd5 24. Nb8 Re7 25. b5 Kg7 26. h3
h5 27. h4 Kg6 28. Kh2 Bb3 29. Nc6 Re4 30. a5 bxa5 31. b6 {Black resigns} 1-0

[Event "ICC tourney 2133 (75 10)"]
[Site "Internet Chess Club"]
[Date "2020.11.14"]
[Round "2"]
[White "Slivovitz"]
[Black "yangjunboy7"]
[Result "1/2-1/2"]
[ICCResult "Game drawn by mutual agreement"]
[WhiteElo "2086"]
[BlackElo "2026"]
[Opening "Queen's Indian: old main line, 9.Qxc3"]
[ECO "E19"]
[NIC "QI.12"]
[Time "13:32:24"]
[TimeControl "4500+10"]

1. Nf3 Nf6 2. g3 b6 3. Bg2 Bb7 4. c4 e6 5. O-O Be7 6. d4 O-O 7. Nc3 Ne4 8.
Qc2 Nxc3 9. Qxc3 f5 10. b3 d6 11. Bb2 Nd7 12. d5 e5 13. Qc2 g6 14. e3 Bf6
15. b4 Qe7 16. Nd2 e4 17. Bd4 Ne5 18. f3 exf3 19. Bxf3 a5 20. a3 axb4 21.
axb4 Nxf3+ 22. Nxf3 Bxd4 23. exd4 Qe3+ 24. Kg2 Ra3
{Game drawn by mutual agreement}
1/2-1/2

[Event "ICC tourney 2133 (75 10)"]
[Site "Internet Chess Club"]
[Date "2020.11.14"]
[Round "2"]
[White "jy2020"]
[Black "HansNiemann"]
[Result "0-1"]
[ICCResult "White resigns"]
[WhiteElo "2216"]
[BlackElo "2604"]
[Opening "Sicilian"]
[ECO "B56"]
[NIC "SI.25"]
[Time "13:32:21"]
[TimeControl "4500+10"]

1. e4 c5 2. Nf3 Nc6 3. d4 cxd4 4. Nxd4 Nf6 5. Nc3 d6 6. f3 e5 7. Nb3 Be6 8.
Be3 d5 9. exd5 Nxd5 10. Nxd5 Qxd5 11. Qxd5 Bxd5 12. O-O-O O-O-O 13. Be2 Be7
14. Kb1 h5 15. Bd3 h4 16. Be4 Bxe4 17. fxe4 g6 18. Rdf1 Rdf8 19. g4 hxg3 20.
hxg3 Rxh1 21. Rxh1 f5 22. exf5 gxf5 23. Rf1 Kd7 24. Rd1+ Ke8 25. Rf1 b6 26.
c4 Kd7 27. c5 b5 28. Nc1 Ke6 29. Ne2 Rh8 30. Kc2 Nb4+ 31. Kb3 Nd3 32. a4
bxa4+ 33. Kc2 Nxc5 34. Bxc5 Bxc5 35. Ra1 Rh2 36. Kd2 f4 37. gxf4 exf4 38.
Rf1 Ke5 39. Kd3 Rh3+ 40. Kc4 f3 41. Nc3 Bb6 42. Nxa4 Rh4+ 43. Kb3 Rxa4 44.
Rxf3 Re4 45. Ka2 Re3 46. Rf8 Kd5 47. Rc8 Re2 48. Rc3 Bd4 49. Rb3 Re6 50.
Rb5+ Kc4 51. Rb8 Rb6 52. Rc8+ Kd3 53. Ka3 Bxb2+ 54. Ka4 Bd4 55. Rc7 Rb1 56.
Rc6 Ke4 57. Rc8 Kd5 58. Ka3 Bc5+ 59. Ka2 Rb7 60. Rd8+ Kc4 61. Rc8 a5 62. Ra8
Kb4 63. Rg8 Rd7 64. Rb8+ Kc4 65. Ra8 Rd2+ 66. Kb1 Bb4 67. Kc1 Rh2 68. Rg8
Kb3 69. Kd1 a4 70. Rg3+ Bc3 71. Rg8 a3 72. Rb8+ Bb4 73. Ra8 a2 {White
resigns} 0-1

[Event "ICC tourney 2133 (75 10)"]
[Site "Internet Chess Club"]
[Date "2020.11.14"]
[Round "2"]
[White "Enamul"]
[Black "Frolik67"]
[Result "1-0"]
[ICCResult "Black resigns"]
[WhiteElo "2478"]
[BlackElo "2214"]
[Opening "French: Steinitz variation"]
[ECO "C11"]
[NIC "FR.04"]
[Time "13:32:26"]
[TimeControl "4500+10"]

1. e4 e6 2. d4 d5 3. Nc3 Nf6 4. e5 Nfd7 5. Nce2 c5 6. c3 Nc6 7. Nf3 cxd4 8.
cxd4 Bb4+ 9. Nc3 f6 10. exf6 Nxf6 11. Bd3 Bd6 12. O-O O-O 13. Re1 Bd7 14. a3
Qe7 15. Bg5 Qf7 16. Bh4 Qh5 17. Bg3 Bxg3 18. fxg3 Rae8 19. h3 Re7 20. g4 Qe8
21. Ne5 Qd8 22. g5 Ne4 23. Nxe4 dxe4 24. Bxe4 Nxe5 25. dxe5 Ref7 26. Bxh7+
Kh8 27. Qh5 Qb6+ 28. Kh2 g6 29. Bxg6+ Kg8 30. Rf1 {Black resigns} 1-0

[Event "ICC tourney 2133 (75 10)"]
[Site "Internet Chess Club"]
[Date "2020.11.14"]
[Round "2"]
[White "PawnEatingZombi"]
[Black "hollyelf"]
[Result "1/2-1/2"]
[ICCResult "Game drawn by mutual agreement"]
[WhiteElo "2212"]
[BlackElo "2073"]
[Opening "QGD Slav defense"]
[ECO "D10"]
[NIC "SL.01"]
[Time "13:32:23"]
[TimeControl "4500+10"]

1. d4 d5 2. c4 c6 3. Nc3 Nf6 4. e3 a6 5. Qc2 e6 6. Nf3 c5 7. cxd5 exd5 8.
dxc5 Bxc5 9. Be2 O-O 10. O-O Nc6 11. Rd1 Bd6 12. b3 Bg4 13. Bb2 Bh5 14. Qd2
Bb4 15. a3 Ne4 16. Qe1 Bxc3 17. Bxc3 Rc8 18. Rac1 Re8 19. b4 Qd7 20. Bb2 Qf5
21. Nh4 Qg5 22. f4 Qh6 23. Nf5 Qg6 24. Bxh5 Qxf5
{Game drawn by mutual agreement}
1/2-1/2

[Event "ICC tourney 2133 (75 10)"]
[Site "Internet Chess Club"]
[Date "2020.11.14"]
[Round "2"]
[White "Visam"]
[Black "e4f5"]
[Result "1-0"]
[ICCResult "Black checkmated"]
[WhiteElo "2605"]
[BlackElo "2225"]
[Opening "King's Indian: fianchetto without c4"]
[ECO "A49"]
[NIC "QP.06"]
[Time "13:32:35"]
[TimeControl "4500+10"]

1. d4 Nf6 2. Nf3 g6 3. g3 Bg7 4. Bg2 O-O 5. O-O d6 6. b3 e5 7. dxe5 dxe5 8.
Ba3 Re8 9. Qxd8 Rxd8 10. Nc3 Nc6 11. Rad1 Bf5 12. Nh4 e4 13. Nxf5 gxf5 14.
Bh3 Ng4 15. Nd5 Nd4 16. Rxd4 Bxd4 17. Ne7+ Kh8 18. Nxf5 Nxf2 19. Rxf2 Bxf2+
20. Kxf2 Rd1 21. Bg2 Re8 22. Ke3 Rd5 23. g4 Ra5 24. Bb2+ Kg8 25. a4 Re6 26.
Bxe4 Kf8 27. Kf3 b5 28. Bc3 Raa6 29. axb5 Ra2 30. Bd3 f6 31. Bb4+ Kf7 32.
Bc4 Rxc2 33. Bxe6+ Kxe6 34. Nd4+ Kd5 35. Nxc2 c5 36. bxc6 Kxc6 37. Ke4 Kb5
38. Kf5 a6 39. Kxf6 a5 40. Bxa5 Kxa5 41. e4 Kb5 42. e5 Ka5 43. e6 Kb5 44. e7
Kc5 45. e8=Q Kb6 46. Ke5 Ka7 47. Kd6 Ka6 48. Kc7 Ka5 49. Qa4# {Black
checkmated} 1-0

[Event "ICC tourney 2133 (75 10)"]
[Site "Internet Chess Club"]
[Date "2020.11.14"]
[Round "2"]
[White "helavir"]
[Black "TjkTiger"]
[Result "1/2-1/2"]
[ICCResult "Game drawn by repetition"]
[WhiteElo "2632"]
[BlackElo "2606"]
[Opening "Sicilian: accelerated fianchetto, Maróczy bind, 6.Be3"]
[ECO "B38"]
[NIC "SI.43"]
[Time "13:33:14"]
[TimeControl "4500+10"]

1. e4 c5 2. Nf3 g6 3. d4 cxd4 4. Nxd4 Bg7 5. c4 Nc6 6. Be3 Qb6 7. Nb3 Qd8 8.
Qd2 Nf6 9. f3 d6 10. Nc3 O-O 11. Be2 a5 12. O-O a4 13. Nd4 Nxd4 14. Bxd4 Qa5
15. Rab1 Be6 16. Rfc1 Rfc8 17. b3 axb3 18. axb3 Nd7 19. Be3 Qb4 20. Qc2 Qxc3
21. Qxc3 Bxc3 22. Rxc3 b5 23. b4 Ra2 24. Bf1 Bxc4 25. Rbc1 Ne5 26. Bf4 Rd8
27. Bxe5 dxe5 28. Bxc4 bxc4 29. R1c2 Rxc2 30. Rxc2 Rc8 31. Rc3 f5 32. Kf2
Kf7 33. Ke2 Ke6 34. Rc2 h5 35. Kd2 fxe4 36. fxe4 Rd8+ 37. Kc3 Rd4 38. b5 Kd6
39. Kb4 c3+ 40. Kxc3 Kc5 41. Rb2 Kb6 42. Rb4 Kc5 43. Rb2 Kb6 44. Rb4 Kc5 45.
Rb2 Kb6 46. Rb4 Kc5 {Game drawn by repetition} 1/2-1/2

[Event "ICC tourney 2133 (75 10)"]
[Site "Internet Chess Club"]
[Date "2020.11.14"]
[Round "2"]
[White "arsenicblast"]
[Black "Drachekokosnuss"]
[Result "1-0"]
[ICCResult "Black resigns"]
[WhiteElo "2022"]
[BlackElo "2061"]
[Opening "Two knights defense (Modern bishop's opening)"]
[ECO "C55"]
[NIC "IG.01"]
[Time "13:32:19"]
[TimeControl "4500+10"]

1. e4 e5 2. Nf3 Nc6 3. Bc4 Nf6 4. d3 Be7 5. O-O O-O 6. Nbd2 d6 7. a4 h6 8.
c3 Na5 9. Ba2 c5 10. b4 cxb4 11. cxb4 Nc6 12. b5 Nb8 13. Bb2 Nbd7 14. d4
exd4 15. Bxd4 Nc5 16. Qc2 Ne6 17. Bb2 Nf4 18. Nc4 Qd7 19. Ne1 Qg4 20. f3 Qg6
21. Nd3 N6h5 22. Nxf4 Nxf4 23. Kh1 Bf6 24. Rad1 d5 25. Bxf6 gxf6 26. Ne3
dxe4 27. fxe4 Bg4 28. Rd2 Rac8 29. Qb2 Ne6 30. Nd5 {Black resigns} 1-0

[Event "ICC tourney 2133 (75 10)"]
[Site "Internet Chess Club"]
[Date "2020.11.14"]
[Round "2"]
[White "analyst1"]
[Black "MrNormalName"]
[Result "1/2-1/2"]
[ICCResult "Game drawn by mutual agreement"]
[WhiteElo "2405"]
[BlackElo "2178"]
[Opening "Giuoco Piano"]
[ECO "C54"]
[NIC "IG.02"]
[Time "13:33:14"]
[TimeControl "4500+10"]

1. e4 e5 2. Nf3 Nc6 3. Bc4 Bc5 4. c3 Nf6 5. d3 a6 6. O-O Ba7 7. a4 h6 8. Re1
O-O 9. Nbd2 Ng4 10. Re2 Kh8 11. h3 f5 12. exf5 Nxf2 13. Rxf2 d5 14. Bb3 Bxf5
15. d4 exd4 16. Nf1 dxc3 17. Ne3 d4 18. Nxf5 Rxf5 19. Qd3 cxb2 20. Rxb2 Qd7
21. Nh4 Rf6 22. Bc2 g5 23. Ng6+ Kg7 24. Rxb7 Qf7 25. Bb2 Bb6 26. Rxb6 cxb6
27. Bxd4 Nxd4 28. Qxd4 Rc8 29. Bd3 Qc7 30. Re1 Rd8 31. Qb4 Qc5+ 32. Qxc5
bxc5 33. Re7+ Rf7 34. Bc4 Rd1+ 35. Kh2 Rxe7 36. Nxe7 Ra1 37. Bxa6 Rxa4 38.
Bb5 {Game drawn by mutual agreement} 1/2-1/2

[Event "ICC tourney 2133 (75 10)"]
[Site "Internet Chess Club"]
[Date "2020.11.14"]
[Round "2"]
[White "RagingKnightNC"]
[Black "GeorgeDai"]
[Result "0-1"]
[ICCResult "White checkmated"]
[WhiteElo "2126"]
[BlackElo "2068"]
[Opening "Caro-Kann: two knights variation"]
[ECO "B10"]
[NIC "CK.01"]
[Time "13:32:25"]
[TimeControl "4500+10"]

1. e4 c6 2. Nf3 d5 3. Nc3 dxe4 4. Nxe4 Nf6 5. Neg5 Bg4 6. Bc4 e6 7. h3 Bf5
8. Ne5 Bg6 9. Nxg6 hxg6 10. O-O Bc5 11. c3 Nh7 12. Nxf7 Kxf7 13. d4 Bd6 14.
Qg4 Qf6 15. Re1 Re8 16. Re3 Kg8 17. Rf3 Qe7 18. Qxg6 Nd7 19. Bh6 Ndf8 20.
Qg4 Kh8 21. Bd2 c5 22. Bd3 cxd4 23. cxd4 Kg8 24. h4 Nf6 25. Qh3 e5 26. Bc4+
Kh8 27. Re1 Qd7 28. Rf5 exd4 29. Rd1 Re5 30. Bd3 Rxf5 31. Bxf5 Qb5 32. Bd3
Qxb2 33. h5 Qxa2 34. h6 g6 35. Bg5 N6h7 36. Qg4 Qe6 37. Qxd4+ Be5 38. Qe3
Nxg5 39. f4 Qb6 40. Qxb6 axb6 41. fxe5 Rd8 42. Kf2 Nge6 43. Ke3 Nc5 44. Be2
Rxd1 45. Bxd1 Nfe6 46. g4 Kh7 47. g5 Nxg5 48. Kd4 Nge6+ 49. Kd5 Kxh6 50. Bg4
Nf4+ 51. Kc4 Kg5 52. Bc8 Nfe6 53. Kb5 Kf5 54. Kxb6 Kxe5 55. Kb5 g5 56. Kc4
g4 57. Bxe6 Nxe6 58. Kd3 Kf4 59. Ke2 g3 60. Ke1 Kf3 61. Kf1 Nf4 62. Kg1 Ne2+
63. Kf1 g2+ 64. Ke1 g1=Q+ 65. Kd2 Qd4+ 66. Ke1 Qc3+ 67. Kd1 Qc1#
{White checkmated}
0-1